Map: Dusk Towers

Players

llllllllllll

  • Race: Zerg Zerg
  • League: Master

State - Winner!

  • Race: Protoss Protoss
  • League: Grandmaster

VOD

Have the link to the VOD?

Description

Time

  • Played on: Dec. 8, 2015, 10:10 p.m.
  • Length: 10:05
Show
View Real Time Build Order
Export as new Build Order

llllllllllll Zerg 

Build Orders: 3 Hatch before Pool 

Get SALT Encoding   

  12  0:01  Drone  
  13  0:12  Overlord  
  13  0:18  Drone  
  14  0:30  Drone  
  14  0:31  Drone  
  14  0:34  Drone  
  17  0:52  Hatchery  
  17  0:54  Drone  
  17  0:58  Drone  
  18  1:07  Drone  
  19  1:22  Hatchery  
  18  1:28  Drone  
  18  1:29  Drone  
  20  1:42  Spawning Pool  
  20  1:45  Drone  
  20  1:52  Drone  
  21  2:00  Drone  
  22  2:05  Drone  
  23  2:12  Overlord  
  23  2:31  Zergling x2  
  23  2:32  Queen, Zergling x2  
  23  2:33  Queen  
  23  2:34  Queen  
  31  2:38  Drone x4  
  35  2:49  Drone x3  
  38  3:07  Drone x4, Overlord  
  42  3:14  Overlord  
  42  3:19  Overlord  
  42  3:21  Overlord  
  42  3:25  Queen, Extractor x2  
  42  3:26  Extractor  
  41  3:33  Drone x4  
  45  3:42  Zergling x2  
  45  3:43  Zergling x6  
  45  3:47  Drone x8  
  57  3:58  Overlord x2  
  57  4:01  Spore Crawler x2  
  54  4:05  Spore Crawler  
  53  4:13  Drone x2  
  53  4:14  Lair, Drone  
  55  4:19  Drone x3  
  55  4:20  Drone  
  55  4:21  Drone  
  55  4:23  Drone  
  60  4:31  Zergling x2  
  60  4:32  Zergling x6  
  59  4:57  Drone x5  
  59  4:58  Drone  
  59  4:59  Drone x8  
  73  5:05  Drone x3  
  76  5:11  Drone  
  76  5:12  Drone, Roach Warren  
  77  5:17  Extractor  
  76  5:21  Spire  
  76  5:22  Metabolic Boost  
  75  5:32  Extractor x2  
  75  5:34  Drone  
  75  5:35  Drone x10  
  77  5:48  Overseer  
  77  5:51  Drone x5  
  77  5:53  Drone  
  83  5:58  Hatchery  
  83  6:02  Hydralisk Den  
  83  6:03  Evolution Chamber  
  80  6:05  Zergling x2  
  80  6:06  Zergling x14  
  88  6:18  Roach  
  90  6:20  Overlord x2  
  90  6:21  Overlord, Glial Reconstitution  
  90  6:30  Overlord x3  
  90  6:40  Lurker Den  
  90  6:41  Roach  
  90  6:42  Roach x8  
  90  6:43  Zerg Missile Weapons Level 1  
  90  6:46  Ravager  
  108  6:51  Overlord x2  
  108  6:58  Roach x6  
  116  7:12  Hydralisk x7  
  130  7:20  Hatchery  
  129  7:24  Roach x8  
  129  7:26  Ravager x4  
  129  7:27  Ravager  
  150  7:36  Overlord x3  
  149  7:48  Overseer  
  149  8:01  Hydralisk  
  149  8:02  Hydralisk x7  
  161  8:09  Lurker x2  
  163  8:14  Overlord x3  
  163  8:15  Overlord x2  
  163  8:17  Overlord x2  
  161  8:25  Hatchery  
  161  8:26  Ravager x3  
  160  8:27  Ravager  
  159  8:41  Drone x3  
  148  8:44  Hydralisk  
  148  8:45  Hydralisk x4  
  148  8:46  Roach x2  
  159  8:49  Zergling x14  
  163  9:13  Roach x3  
  163  9:14  Roach x5  
  171  9:22  Hatchery  
  170  9:37  Hatchery, Overseer  
  170  9:38  Overseer  
Show
View Real Time Build Order
Export as new Build Order

State Protoss - Winner!

Build Orders: Nexus First, Oracle Opening 

Get SALT Encoding   

  12  0:01  Probe (Chrono Boost)  
  13  0:12  Probe (Chrono Boost)  
  14  0:18  Pylon  
  14  0:22  Probe (Chrono Boost)  
  15  0:36  Probe (Chrono Boost)  
  16  0:47  Probe (Chrono Boost)  
  17  0:58  Nexus  
  17  1:09  Gateway  
  17  1:12  Probe (Chrono Boost)  
  18  1:21  Assimilator  
  18  1:23  Probe (Chrono Boost)  
  19  1:29  Assimilator  
  19  1:33  Probe (Chrono Boost)  
  20  1:41  Pylon  
  20  1:44  Probe (Chrono Boost)  
  21  1:54  Probe (Chrono Boost)  
  21  1:58  Cybernetics Core  
  21  2:01  Zealot  
  24  2:05  Probe (Chrono Boost)  
  25  2:11  Probe (Chrono Boost)  
  27  2:15  Probe (Chrono Boost)  
  27  2:22  Probe (Chrono Boost)  
  28  2:26  Probe (Chrono Boost)  
  29  2:32  Probe (Chrono Boost)  
  29  2:35  Adept, Warp Gate  
  29  2:36  Probe (Chrono Boost)  
  33  2:40  Stargate  
  33  2:43  Probe (Chrono Boost)  
  34  2:47  Probe (Chrono Boost)  
  35  2:53  Probe (Chrono Boost)  
  35  2:58  Probe (Chrono Boost)  
  37  3:01  Forge  
  37  3:02  Adept  
  37  3:04  Probe (Chrono Boost)  
  40  3:08  Probe (Chrono Boost)  
  41  3:12  Pylon  
  41  3:14  Probe (Chrono Boost)  
  41  3:16  Pylon  
  41  3:18  Probe (Chrono Boost)  
  43  3:24  Oracle (Chrono Boost)  
  46  3:29  Probe  
  46  3:31  Probe  
  48  3:39  Probe  
  48  3:44  Probe  
  48  3:45  Nexus  
  48  3:47  Sentry  
  52  3:52  Probe  
  53  3:56  Mothership Core  
  55  4:02  Probe  
  55  4:05  Gateway  
  55  4:06  Gateway  
  55  4:09  Assimilator  
  56  4:10  Assimilator  
  56  4:13  Probe  
  57  4:19  Probe  
  57  4:24  Probe  
  59  4:31  Probe  
  59  4:34  Probe  
  59  4:43  Protoss Ground Weapons Level 1  
  59  4:44  Probe  
  59  4:45  Probe  
  58  4:46  Pylon  
  58  4:49  Twilight Council, Pylon  
  57  4:55  Probe  
  57  4:56  Probe  
  57  4:57  Probe  
  63  5:06  Probe (Chrono Boost)  
  63  5:08  Probe x2 (Chrono Boost)  
  63  5:16  Photon Cannon  
  63  5:18  Probe (Chrono Boost)  
  63  5:19  Gateway, Probe (Chrono Boost)  
  63  5:20  Gateway x2, Blink (Chrono Boost), Probe (Chrono Boost)  
  66  5:22  Gateway  
  66  5:23  Robotics Facility  
  66  5:27  Sentry x2, Stalker  
  72  5:29  Probe (Chrono Boost)  
  72  5:30  Probe (Chrono Boost)  
  72  5:34  Probe (Chrono Boost)  
  74  5:39  Probe (Chrono Boost)  
  74  5:40  Probe (Chrono Boost)  
  74  5:44  Probe (Chrono Boost)  
  76  5:50  Probe (Chrono Boost)  
  76  5:51  Probe (Chrono Boost), Assimilator  
  76  5:53  Assimilator  
  76  5:55  Stalker x2  
  76  5:56  Stalker  
  83  5:57  Probe (Chrono Boost)  
  83  6:00  Pylon  
  84  6:09  Pylon  
  84  6:10  Pylon, Warp Prism (Chrono Boost)  
  84  6:12  Pylon  
  86  6:23  Stalker x5  
  96  6:27  Protoss Ground Armor Level 1  
  96  6:30  Stalker  
  98  6:37  Stalker, Robotics Bay  
  100  6:40  Robotics Facility  
  100  6:47  Zealot  
  102  6:48  Probe, Observer (Chrono Boost)  
  104  6:56  Nexus  
  104  6:58  Pylon  
  104  6:59  Pylon  
  104  7:25  Stalker x7  
  104  7:26  Photon Cannon  
  118  7:32  Photon Cannon  
  118  7:35  Gateway x2, Probe x2  
  120  7:38  Gateway, Forge  
  120  7:41  Dark Shrine  
  120  7:47  Probe x2  
  122  7:52  Disruptor x2 (Chrono Boost)  
  122  7:56  Resonating Glaives  
  128  8:09  Adept x4  
  128  8:11  Photon Cannon  
  136  8:27  Gateway x2  
  136  8:29  Adept x5  
  146  8:37  Disruptor (Chrono Boost)  
  146  8:38  Disruptor (Chrono Boost)  
  142  8:49  Pylon  
  142  8:50  Pylon  
  142  8:52  Pylon  
  132  9:08  Disruptor (Chrono Boost)  
  132  9:09  Disruptor (Chrono Boost)  
  138  9:16  Stalker x5  
  138  9:17  Stalker x2  
  144  9:40  Stalker x7  
  142  10:02  Stalker x3  
  142  10:03  Stalker x4  
  142  10:04  Stalker  
Tags
 
Add a new tag
Caveats
  • Supply blocks, unpowered buildings, or Contaminate may cause inaccurate times.
  • Supply counts are checked every 10 seconds.